 Dungeon Crawl Stone Soup version 0.23.2-1-ga50397a (webtiles) character file.

Game seed: 1061602694832094172

415 redwoodhats the Skirmisher (level 6, -2/57 HPs)
             Began as a Naga Fighter on May 23, 2019.
             Slain by RatmanManrat's ghost (9 damage)
             ... on level 4 of the Dungeon.
             The game lasted 00:08:49 (2538 turns).

redwoodhats the Skirmisher (Naga Fighter)           Turns: 2538, Time: 00:08:50

Health: -2/57      AC:  7    Str: 19 (21) XL:     6   Next: 91%
Magic:  5/5        EV:  6    Int:  8      God:
Gold:   219        SH: 10    Dex:  8 (10) Spells: 5/5 levels left

rFire    . . .     SeeInvis +   d - +5 rapier (drain)
rCold    . . .     Gourm    .   c - +1 shield
rNeg     . . .     Faith    .   b - +0 scale mail
rPois    +         Spirit   .   (no helmet)
rElec    .         Reflect  .   (no cloak)
rCorr    .         Harm     .   (no gloves)
MR       .....                  (no barding)
Stlth    ..........             (no amulet)
HPRegen  0.19/turn              (no ring)
MPRegen  0.09/turn              (no ring)

@: very slow
A: large, iridescent scales 1, see invisible, deformed body, low mp 1, poison
resistance, slowness 2, slow metabolism 1, spit poison 1, AC +2
a: Spit Poison


You were on level 4 of the Dungeon.
You were not hungry.

You visited 1 branch of the dungeon, and saw 4 of its levels.

You collected 219 gold pieces.

Inventory:

Hand Weapons
 a - a +2 war axe
 d - a +5 rapier of draining (weapon)
Missiles
 h - a throwing net (quivered)
Armour
 b - a +0 scale mail (worn)
 c - a +1 shield (worn)
 q - a cursed +0 robe
Scrolls
 l - 4 scrolls of identify
Potions
 g - a potion of agility
Comestibles
 f - 4 rations


   Skills:
 + Level 4.0 Fighting
 + Level 1.7 Short Blades
 + Level 3.8 Axes
 + Level 3.5 Armour
 + Level 1.1 Dodging
 + Level 1.9 Stealth
 + Level 3.4 Shields


You had 5 spell levels left.
You didn't know any spells.
Your spell library was empty.

Dungeon Overview and Level Annotations

Branches:
Dungeon (3/15)

Altars:
Ashenzari
Elyvilon
Ru
Zin
The Shining One

Annotations:
D:4 RatmanManrat's ghost, amateur MiBe


Innate Abilities, Weirdness & Mutations

You cannot wear boots.
Your serpentine skin is tough. (AC +2)
You have supernaturally acute eyesight. (SInv)
Armour fits poorly on your strangely shaped body.
Your system is resistant to poisons. (rPois)
You cover ground very slowly.
You have a slow metabolism.
You can spit poison.
You are partially covered in iridescent scales. (AC +2)
Your magical capacity is low. (-10% MP)


Message History

RatmanManrat's ghost hits you but does no damage. x2
Your shield and scale mail prevent you from hitting RatmanManrat's ghost.
RatmanManrat's ghost is severely damaged.
RatmanManrat's ghost hits you.
You closely miss RatmanManrat's ghost.
RatmanManrat's ghost is severely damaged.
RatmanManrat's ghost hits you!
You hit RatmanManrat's ghost.
RatmanManrat's ghost is almost destroyed.
RatmanManrat's ghost hits you!
* * * LOW HITPOINT WARNING * * *
You closely miss RatmanManrat's ghost.
RatmanManrat's ghost is almost destroyed.
RatmanManrat's ghost hits you.
* * * LOW HITPOINT WARNING * * *
Your shield and scale mail prevent you from hitting RatmanManrat's ghost.
RatmanManrat's ghost is almost destroyed.
You block RatmanManrat's ghost's attack.
RatmanManrat's ghost hits you!
You die...

..... .. #.... ...
##...##....
###########..#.#.....
##........##..#......#
##..........#.........#
##......................
##............>..........
#.......@................
#..$####W'####..........#
#....#.≈.....##.......####
.......##..#.⌠..#..).####
##..... #≈≈≈..#≈#..###
#....$#≈#.≈!..##.##
#......###.#≈####.#
##..... ########.#
.........##


You could see RatmanManrat's ghost.

Vanquished Creatures
  Sigmund (D:2)
  An ogre (D:4)
  A worker ant (D:4)
  4 gnolls (D:3)
  3 adders
  A worm (D:2)
  4 dart slugs
  A leopard gecko (D:3)
  6 orcs
  5 giant cockroaches
  6 goblins
  6 hobgoblins
  9 jackals
  A quokka (D:2)
  A ball python (D:2)
  4 bats
  8 frilled lizards
  9 kobolds
  7 rats
78 creatures vanquished.

Notes
Turn   | Place    | Note
-------+----------+-------------------------------------------
     0 | D:1      | redwoodhats the Naga Fighter began the quest for the Orb.
     0 | D:1      | Reached XP level 1. HP: 21/21 MP: 1/1
    43 | D:1      | Reached XP level 2. HP: 16/28 MP: 2/2
   277 | D:1      | Found a shattered altar of Ashenzari.
   621 | D:1      | Reached XP level 3. HP: 33/34 MP: 3/3
   759 | D:2      | Reached skill level 1 in Stealth
   782 | D:2      | Noticed Sigmund
   793 | D:2      | Gained mutation: Your magical capacity is low. (-10% MP)
                  | [potion of mutation]
   793 | D:2      | Gained mutation: You are partially covered in iridescent
                  | scales. (AC +2) [potion of mutation]
   794 | D:2      | Killed Sigmund
   794 | D:2      | Reached XP level 4. HP: 12/44 MP: 3/3
   794 | D:2      | Reached XP level 5. HP: 14/50 MP: 4/4
  1222 | D:2      | Reached XP level 6. HP: 45/57 MP: 5/5
  1764 | D:3      | Found a sacrificial altar of Ru.
  2031 | D:3      | Reached skill level 4 in Fighting
  2037 | D:3      | Reached skill level 1 in Dodging
  2046 | D:3      | Reached skill level 1 in Short Blades
  2121 | D:3      | Found a glowing silver altar of Zin.
  2121 | D:3      | Found a glowing golden altar of the Shining One.
  2122 | D:3      | Found a white marble altar of Elyvilon.
  2224 | D:3      | You fall through a shaft!
  2495 | D:4      | Found a large runed translucent door.
  2495 | D:4      | Found a large runed translucent door.
  2508 | D:4      | Noticed RatmanManrat's ghost (amateur MiBe)
  2538 | D:4      | Slain by RatmanManrat's ghost

Skill      XL: |  1  2  3  4  5  6 |
---------------+-------------------+-----
Stealth        | 1 |  1.9
Axes           | 3 |  3.8
Armour         | 3 |  3.5
Shields        | 3 |  3.4
Fighting       | 4 |  4.0
Dodging        | 1 |  1.1
Short Blades   | 1 |  1.7

Action                   |  1- 3 |  4- 6 || total
-------------------------+-------+-------++-------
Melee: War axe           |    59 |    65 ||   124
       Rapier            |       |    87 ||    87
 Abil: Spit Poison       |     2 |     1 ||     3
  Use: Potion            |     3 |     4 ||     7
       Scroll            |       |    13 ||    13
  Eat: Ration            |       |     2 ||     2
Armor: Scale mail        |    21 |    85 ||   106
Dodge: Dodged            |    12 |    47 ||    59
Block: Shield            |    34 |    99 ||   133
